 Dungeon Sprint DCSS version 0.30.0-13-g156ef70053 (webtiles) character file.

Game seed: 8254062409331340753

15700000 Monkooky the Axe Maniac (level 27, -22/199 HPs)
             Began as a Kobold Warper on May 17, 2023.
             Was the Champion of Makhleb.
             Killed from afar by a dread (40 damage)
             ... with damnation
             ... in the Dungeon (Sprint VIII: "Arena of Blood").
             The game lasted 00:05:18 (157 turns).

Monkooky the Axe Maniac (Kobold Warper)              Turns: 157, Time: 00:05:19

Health: -22/199    AC:  6    Str: 10    XL:     27
Magic:  54/54      EV: 41    Int: 16    God:    Makhleb [******]
Gold:   0          SH:  0    Dex: 25    Spells: 80/80 levels left

rFire   . . .        j - +∞ Axe of Woe
rCold   . . .        (shield currently unavailable)
rNeg    . . .        b - +0 leather armour
rPois   .            (no helmet)
rElec   .            (no cloak)
rCorr   .            (no gloves)
SInv    +            (no boots)
Will    ++...        (no amulet) Stlth *+++++++++
                     l - ring of see invisible
HPRegen 0.53/turn    (no ring)
MPRegen 0.34/turn

%: no teleportation
@: slowed, very slow
A: small, no large weapons, nightstalker 3
a: Renounce Religion, Minor Destruction, Lesser Servant of Makhleb, Major
Destruction, Greater Servant of Makhleb


You were in the Dungeon.
You worshipped Makhleb.
Makhleb was exalted by your worship.
You visited 1 branch

Inventory:

Hand Weapons
 a - a +0 hand axe
 j - the +∞ Axe of Woe (weapon)
   (You found it in the Dungeon)
Missiles
 d - 3 boomerangs of dispersal (quivered)
Armour
 b - a +0 leather armour (worn)
Jewellery
 g - a +30 ring of slaying
 k - a +200 ring of slaying
 l - a ring of see invisible (left hand)
 m - a +30 ring of slaying
 n - a +30 ring of slaying
 o - a +30 ring of slaying
 p - a +30 ring of slaying
 q - a +30 ring of slaying
 r - a +30 ring of slaying
Scrolls
 c - 2 scrolls of blinking
Potions
 h - 2 potions of magic
 i - a potion of berserk rage


   Skills:
 O Level 27 Fighting
 O Level 27 Short Blades
 O Level 27 Long Blades
 O Level 27 Axes
 O Level 27 Maces & Flails
 O Level 27 Polearms
 O Level 27 Staves
 O Level 27 Ranged Weapons
 O Level 27 Throwing
 O Level 27 Armour
 O Level 27 Dodging
 O Level 27 Stealth
 O Level 27 Shields
 O Level 27 Unarmed Combat
 O Level 27 Spellcasting
 O Level 27 Conjurations
 O Level 27 Hexes
 O Level 27 Summonings
 O Level 27 Necromancy
 O Level 27 Translocations
 O Level 27 Transmutations
 O Level 27 Fire Magic
 O Level 27 Ice Magic
 O Level 27 Air Magic
 O Level 27 Earth Magic
 O Level 27 Poison Magic
 O Level 27 Invocations
 O Level 27 Evocations


You had 80 spell levels left.
You didn't know any spells.
Your spell library contained the following spells:

 Spells                   Type           Power      Damage    Failure   Level
 Blink                    Tloc           100%       N/A       0%          2
 Lesser Beckoning         Tloc           100%       N/A       0%          2
 Teleport Other           Tloc           82%        N/A       0%          3
 Vhi's Electric Charge    Tloc/Air       100%       N/A       0%          3
 Manifold Assault         Tloc           82%        N/A       0%          4


Dungeon Overview and Level Annotations

Branches:
Dungeon (1/1)

Altars:
Makhleb

Annotations:
D The Captor


Innate Abilities, Weirdness & Mutations

You are small and have problems with some larger weapons.
You are completely attuned to the shadows.


Message History

Okay, then.
You hear a shout! x8
Items here: )) == †.
A meat berserker comes into view. It is wielding a +9 battleaxe.
You hear a shout! x11; You hear a roar!
You hear a shout!
You hear an angry hiss.
You hear a shout! x10
You hear a shout! x7
The eight-headed meat hydra calls on the powers of darkness!
The eight-headed meat hydra convulses!
Your body is wracked with pain!
* * * LOW HITPOINT WARNING * * *
You hear a shout! x2
Items here: )) == ††.
You slice the meat berserker!!
You butcher the meat berserker messily.
You kill the meat berserker!
Makhleb accepts your kill.
You feel yourself slow down.
You hear a shout! x2
A dread comes into view.
You hear a shout! x2
The eight-headed meat hydra calls on the powers of darkness!
The eight-headed meat hydra convulses!
Your body is wracked with pain!
* * * LOW HITPOINT WARNING * * *
You hear a shout!
Unknown command.
You hear a shout! x18
Okay, then.
You feel better.
You hear a shout! x7
Throw: 4 boomerangs (disperse)
Press: ? - help, Q - select action, (/) - cycle Shift-Dir - straight line, f - dread, p - The Captor
Aim: a dread (80% to hit)
You throw a boomerang of dispersal.
The boomerang of dispersal barely misses the dread.
You hear a shout! x7
The Captor gestures wildly while chanting.
The Captor seems to speed up.
You hear a shout! x2
The dread throws damnation at you.
The sphere of damnation explodes!
The damnation engulfs you!!!
You die...

....°)°..... ....#L
....)))..... # O@.#D#
.......))...#
..##...#.#...§.#...)))°.#
...#))...W.... .....))..#
...).##....O..##)#.).....
#...)@##W))..............
####.D.).)####)..)#.....#
####@2.)@.....).......
####)..............
####............
#############


You could see a dread, The Captor (fast, ally target) and a friendly cacodemon
(summoned).

Vanquished Creatures
  2 hell knights (D)
  6 hell beasts (D)
  3 royal mummies (D)
  6 wraiths (D)
  10 vampire knights (D)
  24 ogres (D)
  5 two-headed ogres (D)
  3 liches (D)
  2 hydras (D)
  A phantom (D)
  43 orcs (D)
  4 skeletal warriors (D)
  A sea snake (D)
110 creatures vanquished.

Vanquished Creatures (collateral kills)
  2 orcs (D)
2 creatures vanquished.

Grand Total: 112 creatures vanquished

Notes
Turn   | Place    | Note
-------+----------+-------------------------------------------
     0 | D        | Found the +∞ Axe of Woe
     0 | D        | Monkooky the Kobold Warper began the quest for the Orb.
     0 | D        | Reached XP level 1. HP: 12/12 MP: 3/3
     4 | D        | Became a worshipper of Makhleb the Destroyer
     6 | D        | Noticed a bag of meat
     8 | D        | Killed a bag of meat
     9 | D        | Reached XP level 2. HP: 17/17 MP: 5/5
     9 | D        | Reached XP level 3. HP: 21/21 MP: 6/6
     9 | D        | Reached XP level 4. HP: 26/26 MP: 7/7
     9 | D        | Reached XP level 5. HP: 30/30 MP: 8/8
     9 | D        | Reached XP level 6. HP: 35/35 MP: 9/9
     9 | D        | Reached XP level 7. HP: 40/40 MP: 10/10
     9 | D        | Reached XP level 8. HP: 44/44 MP: 11/11
     9 | D        | Reached XP level 9. HP: 48/48 MP: 12/12
     9 | D        | Reached XP level 10. HP: 53/53 MP: 13/13
     9 | D        | Reached XP level 11. HP: 57/57 MP: 14/14
     9 | D        | Noticed a meat berserker
    10 | D        | Killed a meat berserker
    10 | D        | Reached * piety under Makhleb
    11 | D        | Reached XP level 12. HP: 62/62 MP: 15/15
    11 | D        | Reached XP level 13. HP: 66/66 MP: 16/16
    11 | D        | Noticed a bag of meat
    13 | D        | Noticed a bag of meat
    14 | D        | Noticed a bag of meat
    14 | D        | Noticed a meat berserker
    15 | D        | Killed a bag of meat
    16 | D        | Reached skill level 27 in Axes
    17 | D        | Killed a meat berserker
    17 | D        | Killed a bag of meat
    17 | D        | Reached ** piety under Makhleb
    17 | D        | Noticed a bag of meat
    18 | D        | Reached XP level 14. HP: 43/102 MP: 17/17
    18 | D        | Killed a bag of meat
    19 | D        | Reached XP level 15. HP: 76/111 MP: 18/18
    19 | D        | Noticed a large bag of meat
    19 | D        | Noticed a destroyer
    21 | D        | Killed a large bag of meat
    21 | D        | Killed a destroyer
    21 | D        | Reached *** piety under Makhleb
    22 | D        | Reached XP level 16. HP: 85/132 MP: 19/19
    23 | D        | Reached **** piety under Makhleb
    23 | D        | Noticed a meat berserker
    23 | D        | Noticed a destroyer
    24 | D        | Reached skill level 27 in Fighting
    24 | D        | Reached skill level 27 in Dodging
    24 | D        | Reached XP level 17. HP: 139/139 MP: 20/20
    24 | D        | Noticed a meat berserker
    25 | D        | Reached ***** piety under Makhleb
    26 | D        | Reached skill level 27 in Stealth
    27 | D        | Killed a meat berserker
    27 | D        | Killed a meat berserker
    28 | D        | Reached XP level 18. HP: 145/145 MP: 21/21
    28 | D        | Noticed a large bag of meat
    29 | D        | Killed a destroyer
    29 | D        | Reached ****** piety under Makhleb
    30 | D        | Reached skill level 27 in Armour
    30 | D        | Reached XP level 19. HP: 151/151 MP: 21/41
    33 | D        | Reached XP level 20. HP: 157/157 MP: 21/50
    33 | D        | Noticed a destroyer
    34 | D        | Reached skill level 27 in Spellcasting
    34 | D        | Killed a large bag of meat
    36 | D        | Killed a destroyer
    36 | D        | Noticed an eight-headed meat hydra
    37 | D        | Reached skill level 27 in Invocations
    37 | D        | Reached skill level 5 in Translocations
    37 | D        | Noticed a destroyer
    37 | D        | Noticed a meat berserker
    38 | D        | Noticed a large bag of meat
    39 | D        | Killed a meat berserker
    40 | D        | Reached XP level 21. HP: 163/163 MP: 23/52
    41 | D        | Killed a large bag of meat
    42 | D        | Killed a destroyer
    43 | D        | Noticed a destroyer
    43 | D        | Noticed a destroyer
    44 | D        | Killed a nine-headed meat hydra
    45 | D        | Reached skill level 5 in Throwing
    46 | D        | Reached skill level 27 in Translocations
    46 | D        | Reached XP level 22. HP: 116/169 MP: 25/53
    47 | D        | Reached skill level 27 in Short Blades
    47 | D        | Noticed a meat berserker
    47 | D        | Noticed a tyrant
    49 | D        | Killed a meat berserker
    50 | D        | Killed a tyrant
    51 | D        | Reached skill level 27 in Throwing
    51 | D        | Killed a destroyer
    52 | D        | Reached skill level 5 in Ranged Weapons
    52 | D        | Reached skill level 5 in Evocations
    52 | D        | Reached XP level 23. HP: 175/175 MP: 26/54
    52 | D        | Killed a destroyer
    53 | D        | Reached skill level 5 in Long Blades
    53 | D        | Reached skill level 5 in Maces & Flails
    53 | D        | Reached skill level 5 in Staves
    53 | D        | Reached skill level 5 in Unarmed Combat
    53 | D        | Reached skill level 5 in Conjurations
    53 | D        | Reached skill level 5 in Hexes
    61 | D        | Noticed a tyrant
    62 | D        | Noticed a dread
    66 | D        | Killed a tyrant
    66 | D        | Killed a dread
    67 | D        | Reached skill level 10 in Summonings
    67 | D        | Reached skill level 10 in Necromancy
    67 | D        | Reached XP level 24. HP: 181/181 MP: 31/54
    67 | D        | Noticed a dread
    69 | D        | Noticed a meat beast
    70 | D        | Killed a dread
    70 | D        | Killed a meat beast
    71 | D        | Reached skill level 10 in Polearms
    71 | D        | Reached skill level 10 in Shields
    71 | D        | Reached XP level 25. HP: 173/187 MP: 32/54
    75 | D        | Noticed a meat beast
    76 | D        | Noticed a meat beast
    76 | D        | Killed a meat beast
    77 | D        | Reached XP level 26. HP: 190/193 MP: 35/54
    79 | D        | Killed a meat beast
    81 | D        | Reached skill level 15 in Long Blades
    81 | D        | Reached skill level 15 in Maces & Flails
    81 | D        | Reached skill level 15 in Staves
    84 | D        | Noticed a large bag of meat
    84 | D        | Noticed a destroyer
    85 | D        | Noticed a destroyer
    86 | D        | Noticed a dread
    87 | D        | Reached XP level 27. HP: 199/199 MP: 38/54
    87 | D        | Noticed an accursed
    88 | D        | Killed a destroyer
    88 | D        | Noticed a destroyer
    89 | D        | Reached skill level 15 in Polearms
    89 | D        | Reached skill level 15 in Shields
    90 | D        | Killed a large bag of meat
    91 | D        | Noticed a meat beast
    92 | D        | Noticed a tyrant
    94 | D        | Killed a meat beast
    94 | D        | Killed a destroyer
    97 | D        | Noticed an accursed
    99 | D        | Killed a tyrant
   101 | D        | Killed an accursed
   101 | D        | Killed a dread
   102 | D        | Reached skill level 27 in Ranged Weapons
   102 | D        | Reached skill level 27 in Evocations
   102 | D        | Noticed a destroyer
   103 | D        | Killed an accursed
   104 | D        | Noticed a dread
   108 | D        | Killed a destroyer
   110 | D        | Noticed a large bag of meat
   110 | D        | Noticed an accursed
   114 | D        | Killed an accursed
   114 | D        | Killed a large bag of meat
   114 | D        | Noticed a meat beast
   118 | D        | Noticed a dread
   119 | D        | Killed a meat beast
   119 | D        | Noticed a meat beast
   120 | D        | Killed a meat beast
   121 | D        | Reached skill level 27 in Summonings
   121 | D        | Reached skill level 27 in Necromancy
   121 | D        | Reached skill level 27 in Transmutations
   121 | D        | Reached skill level 27 in Fire Magic
   121 | D        | Reached skill level 27 in Ice Magic
   121 | D        | Reached skill level 27 in Air Magic
   121 | D        | Reached skill level 27 in Earth Magic
   121 | D        | Reached skill level 27 in Poison Magic
   122 | D        | Noticed a fleshlord
   123 | D        | Reached skill level 27 in Unarmed Combat
   123 | D        | Reached skill level 27 in Conjurations
   123 | D        | Reached skill level 27 in Hexes
   124 | D        | Killed a dread
   124 | D        | Noticed a dread
   125 | D        | Reached skill level 27 in Maces & Flails
   125 | D        | Reached skill level 27 in Staves
   130 | D        | Killed a fleshlord
   131 | D        | Reached skill level 27 in Long Blades
   131 | D        | Reached skill level 27 in Polearms
   131 | D        | Reached skill level 27 in Shields
   132 | D        | Killed a dread
   136 | D        | Noticed a dread
   139 | D        | Killed a dread
   140 | D        | Noticed a fleshlord
   141 | D        | Noticed a tyrant
   143 | D        | Killed a destroyer
   143 | D        | Killed a fleshlord
   143 | D        | Noticed The Captor
   143 | D        | Noticed a large bag of meat
   154 | D        | Noticed a dread
   157 | D        | Killed from afar by a dread

Illustrated notes

Levels and vault maps discovered:
D:        meatsprint

Skill      XL: |  1  2  3  4  5  6  7  8  9 10 11 12 13 14 15 16 17 18 19 20 21 22 23 24 25 26 27 |
---------------+----------------------------------------------------------------------------------+-----
Axes           | 21 26 27 | 27.0
Fighting       | 17 19 26 27 | 27.0
Dodging        | 17 19 26 27 | 27.0
Armour         | 3 22 27 | 27.0
Stealth        | 22 27 | 27.0
Spellcasting   | 18 26 27 | 27.0
Invocations    | 27 | 27.0
Short Blades   | 11 23 27 | 27.0
Translocations | 16 27 | 27.0
Throwing       | 3 6 27 | 27.0
Long Blades    | 3 8 11 13 15 27 | 27.0
Maces & Flails | 3 8 11 13 15 27 | 27.0
Polearms       | 3 7 10 12 14 27 | 27.0
Staves         | 3 8 11 13 15 27 | 27.0
Ranged Weapons | 5 11 16 18 21 27 | 27.0
Shields        | 3 7 10 12 14 27 | 27.0
Unarmed Combat | 4 9 12 14 16 27 | 27.0
Conjurations   | 4 9 12 14 16 27 | 27.0
Hexes          | 4 9 12 14 16 27 | 27.0
Summonings     | 4 10 13 16 18 27 | 27.0
Necromancy     | 4 10 13 16 18 27 | 27.0
Transmutations | 4 9 13 16 18 27 | 27.0
Fire Magic     | 4 9 13 16 18 27 | 27.0
Ice Magic      | 4 9 13 16 18 27 | 27.0
Air Magic      | 4 9 13 16 18 27 | 27.0
Earth Magic    | 4 9 13 16 18 27 | 27.0
Poison Magic   | 4 9 13 16 18 27 | 27.0
Evocations     | 5 11 16 18 21 27 | 27.0

Action                     |  1- 3 |  4- 6 |  7- 9 | 10-12 | 13-15 | 16-18 | 19-21 | 22-24 | 25-27 || total
---------------------------+-------+-------+-------+-------+-------+-------+-------+-------+-------++-------
  Melee: Broad axe         |     1 |       |       |     1 |     4 |     6 |    11 |     8 |    39 ||    70
  Throw: Boomerang         |       |       |       |       |       |       |       |       |     4 ||     4
 Invoke: Greater Servant o |       |       |       |       |       |       |       |       |     2 ||     2
    Use: Potion            |       |       |       |       |       |       |       |       |     3 ||     3
  Dodge: Dodged            |       |       |       |       |       |     1 |       |       |     6 ||     7
